 Dungeon Crawl Stone Soup version 0.25-b1-50-g7b83aa72e5 (webtiles) character file.

Game seed: 10120644312647898640

156 gruber the Skirmisher (level 5, -1/50 HPs)
             Began as a Minotaur Fighter on June 12, 2020.
             Slain by a hobgoblin
             ... wielding a +0 long sword
              (8 damage)
             ... on level 3 of the Dungeon.
             The game lasted 00:02:28 (2151 turns).

gruber the Skirmisher (Minotaur Fighter)            Turns: 2151, Time: 00:02:28

Health: -1/50      AC:  7    Str: 22    XL:     5   Next: 14%
Magic:  4/4        EV:  7    Int:  5    God:
Gold:   146        SH:  9    Dex:  9    Spells: 4/4 levels left

rFire    . . .     SeeInvis .   a - +0 long sword
rCold    . . .     Gourm    .   c - +0 kite shield
rNeg     . . .     Faith    .   b - +0 scale mail
rPois    .         Spirit   .   (helmet restricted)
rElec    .         Reflect  .   (no cloak)
rCorr    .         Harm     .   (no gloves)
MR       .....                  (no boots)
Stlth    ..........             (no amulet)
HPRegen  0.16/turn              (no ring)
MPRegen  0.09/turn              (no ring)

@: no status effects
A: retaliatory headbutt, horns 2
a: no special abilities


You were on level 3 of the Dungeon.
You were not hungry.

You visited 1 branch of the dungeon, and saw 3 of its levels.

You collected 146 gold pieces.

Inventory:

Hand Weapons
 a - a +0 long sword (weapon)
 h - a +0 hunting sling of freezing
Missiles
 j - 48 sling bullets
 l - 26 stones (quivered)
Armour
 b - a +0 scale mail (worn)
 c - a +0 kite shield (worn)
Wands
 t - a wand of flame (12)
Scrolls
 e - a scroll of teleportation {unknown}
 g - a scroll of fear {unknown}
 i - 3 scrolls of identify {unknown}
 k - a scroll of enchant weapon {unknown}
 p - a scroll of blinking {unknown}
 q - a scroll of fog {unknown}
 s - 2 scrolls of remove curse {unknown}
Potions
 d - a potion of might
 m - a potion of degeneration {unknown}
 n - a potion of resistance {unknown}
 o - a potion of lignification {unknown}
 r - a potion of heal wounds
 v - a potion of invisibility {unknown}
Comestibles
 f - 4 rations


   Skills:
 - Level 6.3 Fighting
 - Level 2.4 Long Blades
 * Level 4.9 Armour
 - Level 3.6 Shields


You had 4 spell levels left.
You didn't know any spells.
Your spell library contained the following spells:

 Spells                   Type           Power        Failure   Level  Hunger
 Corona                   Hex            #......      99%         1    ##.....
 Ensorcelled Hibernation  Hex/Ice        #.....       100%        2    ###....
 Confusing Touch          Hex            #.......     100%        3    ####...
 Dazzling Flash           Conj/Hex       #.....       100%        3    ####...
 Tukima's Dance           Hex            #.......     100%        3    ####...


Dungeon Overview and Level Annotations

Branches:
Dungeon (3/15)

Altars:
Dithmenos
Kikubaaqudgha
Qazlal
Zin


Innate Abilities, Weirdness & Mutations

You reflexively headbutt those who attack you in melee.
You have a pair of horns on your head.


Message History

You block the orc's attack.
You hit the orc but do no damage.
The orc is moderately wounded.
You block the orc's attack. You block the hobgoblin's attack. The orc hits you.
* * * LOW HITPOINT WARNING * * *
You barely miss the orc. You headbutt the orc, but do no damage.
The orc is moderately wounded.
The hobgoblin hits you but does no damage.
The orc hits you.
* * * LOW HITPOINT WARNING * * *
You hit the orc.
The orc is almost dead.
You block the orc's attack.
The hobgoblin hits you with a +0 long sword.
* * * LOW HITPOINT WARNING * * *
You slash the orc!
You kill the orc!
You block the hobgoblin's attack.
The hobgoblin hits you with a +0 long sword!
You die...

..## # #. # ... .. #.
#.#(. #o# #. .. ... ..
#.
....##.########.#.###
#.
...........oo.o......
#.
...###o#######.#.###.#.
#g# .. #.#. ###@##
..##.## #..[.# .##...
#....## ##..รท #.....#
..##... #...#.## #.....
#####..# #.#.#.
#####.#### #...#.
#......_.#.# #####.
#........#.# #.


You could see an orc and a hobgoblin.

Vanquished Creatures
  3 orc priests (D:3)
  A worker ant zombie (D:2)
  An adder (D:2)
  2 dart slugs
  A leopard gecko (D:2)
  3 orcs (D:3)
  7 bats
  4 giant cockroaches
  4 goblins
  6 hobgoblins
  2 kobolds (D:1)
  4 frilled lizards
  8 rats
46 creatures vanquished.

Notes
Turn   | Place    | Note
-------+----------+-------------------------------------------
     0 | D:1      | gruber the Minotaur Fighter began the quest for the Orb.
     0 | D:1      | Reached XP level 1. HP: 19/19 MP: 0/0
    83 | D:1      | Reached skill level 4 in Fighting
   294 | D:1      | Reached XP level 2. HP: 25/28 MP: 1/1
  1013 | D:2      | Reached skill level 5 in Fighting
  1013 | D:2      | Reached XP level 3. HP: 31/36 MP: 2/2
  2009 | D:3      | Reached skill level 6 in Fighting
  2009 | D:3      | Reached XP level 4. HP: 44/44 MP: 3/3
  2050 | D:3      | Found a glowing silver altar of Zin.
  2051 | D:3      | Found a stormy altar of Qazlal.
  2058 | D:3      | Found an ancient bone altar of Kikubaaqudgha.
  2067 | D:3      | Found a shadowy altar of Dithmenos.
  2128 | D:3      | HP: 1/44 [orc priest/divine providence (15)]
  2147 | D:3      | Reached XP level 5. HP: 13/50 MP: 4/4
  2151 | D:3      | Slain by a hobgoblin

Illustrated notes

Levels and vault maps discovered:
D:1:      arrival_zaba_pyramid, layout_loops_ring
D:2:      layout_basic
D:3:      layout_basic, overflow_temple_1_default, grunt_temple_overflow_open

Skill      XL: |  1  2  3  4 |
---------------+-------------+-----
Fighting       | 4 5 6 |  6.3
Armour         | 4 |  4.9
Long Blades    | |  2.4
Shields        | |  3.6

Action                   |  1- 3 |  4- 6 || total
-------------------------+-------+-------++-------
Melee: Long sword        |    44 |    31 ||    75
       Headbutt          |     5 |     5 ||    10
 Fire: Hunting sling     |    63 |    21 ||    84
  Use: Potion            |       |     2 ||     2
  Eat: Chunk             |     3 |     1 ||     4
Armor: Scale mail        |    24 |    25 ||    49
Dodge: Dodged            |    10 |    15 ||    25
Block: Kite shield       |    28 |    36 ||    64
       Rpst.: Long sword |       |     4 ||     4
